[Event "Polish Youth G16 Championship 2023"]
[Site "Jastrzebia Gora"]
[Date "2023.03.12"]
[Round "1.18"]
[White "Kulczycka, Zofia"]
[Black "Lach, Alicja"]
[Result "1-0"]
[ECO "B38"]
[WhiteElo "1547"]
[BlackElo "1231"]
[Annotator "NA RC COMBH"]
[PlyCount "59"]
[EventDate "2023.03.11"]
[EventType "swiss"]
[EventCountry "POL"]
[SourceTitle "playchess.com"]
[Source "ChessBase"]
[SourceQuality "1"]
[TimeControl "40/5400+30:1800+30"]

1. e4 c5 2. Nf3 Nc6 3. d4 cxd4 4. Nxd4 g6 5. c4 Bg7 6. Be3 Nf6 7. Nc3 O-O 8. Be2 d6 9. Qd2 Bd7 10. O-O Nxd4 11. Bxd4 Bc6 12. Bd3 a5 13. Rae1 Nd7 14. Bxg7 Kxg7 15. Re3 Nc5 16. Rh3 h5 17. Bc2 f6 18. f4 Rh8 19. Kh1 Rh6 20. Qe2 Qc7 21. Rg3 h4 22. Re3 h3 23. g4 Rh4 24. Nd5 Qd8 25. g5 fxg5 26. fxg5 e6 27. Qf2 Qxg5 28. Rg3 Qh5 29. Qf7+ Kh6 30. Nf6 1-0

[Event "Polish Youth G16 Championship 2023"]
[Site "Jastrzebia Gora"]
[Date "2023.03.12"]
[Round "1.19"]
[White "Racis, Dominika"]
[Black "Giemza, Julia"]
[Result "0-1"]
[ECO "E61"]
[WhiteElo "1201"]
[BlackElo "1536"]
[Annotator "NA RC COMBH"]
[PlyCount "84"]
[EventDate "2023.03.11"]
[EventType "swiss"]
[EventCountry "POL"]
[SourceTitle "playchess.com"]
[Source "ChessBase"]
[SourceQuality "1"]
[TimeControl "40/5400+30:1800+30"]

1. d4 Nf6 2. c4 g6 3. Nc3 Bg7 4. Nf3 d6 5. h3 O-O 6. e3 Nc6 7. a3 Re8 8. d5 Nb8 9. Bd3 e6 10. O-O exd5 11. cxd5 Nbd7 12. e4 Nc5 13. Re1 Nxd3 14. Qxd3 a5 15. Bg5 h6 16. Bh4 Qd7 17. Bg3 Nh5 18. Rac1 Nxg3 19. fxg3 c6 20. b3 c5 21. Nd2 Re7 22. Na4 Qc7 23. Nc4 b5 24. Ncb6 Rb8 25. Qxb5 Bd7 26. Qd3 Rxb6 27. Nxb6 Qxb6 28. Kh2 Bb5 29. Qc2 Be5 30. Qd2 Kg7 31. Re3 a4 32. Rb1 Qa7 33. Rf3 axb3 34. Rfxb3 Ba4 35. Rb6 c4 36. Qb4 Bc2 37. Rc1 Bd3 38. Rc6 Qe3 39. Qe1 Bxg3+ 40. Qxg3 Qxc1 41. Qxd6 Qg5 42. Rc8 Bxe4 0-1

[Event "Polish Youth G16 Championship 2023"]
[Site "Jastrzebia Gora"]
[Date "2023.03.12"]
[Round "1.21"]
[White "Dura, Anna"]
[Black "Nieckarz, Maja"]
[Result "1-0"]
[ECO "A24"]
[WhiteElo "1186"]
[BlackElo "1493"]
[Annotator "NA RC COMBH"]
[PlyCount "87"]
[EventDate "2023.03.11"]
[EventType "swiss"]
[EventCountry "POL"]
[SourceTitle "playchess.com"]
[Source "ChessBase"]
[SourceQuality "1"]
[TimeControl "40/5400+30:1800+30"]

1. c4 e5 2. Nc3 Nf6 3. g3 g6 4. Bg2 Bg7 5. Nf3 d6 6. d4 exd4 7. Nxd4 O-O 8. O-O Nbd7 9. Rb1 Rb8 10. b3 Nc5 11. Bb2 Re8 12. b4 Nce4 13. Nxe4 Nxe4 14. Qd3 Qe7 15. a3 Ng5 16. Rfe1 Bh3 17. Bh1 c5 18. Nc2 Bxb2 19. Rxb2 Qf6 20. Rbb1 Bf5 21. Qd2 Nh3+ 22. Kg2 Bxc2 23. Qxc2 Nxf2 24. Rf1 Qd4 25. Rxf2 Re3 26. Rd1 Qg4 27. Rxd6 Rbe8 28. Rd2 h5 29. Rf3 h4 30. Kf2 Qh3 31. Rxe3 Qxh2+ 32. Bg2 Rxe3 33. Kxe3 Qxg3+ 34. Bf3 Qg1+ 35. Ke4 h3 36. Qd3 f5+ 37. Ke5 Qg3+ 38. Ke6 h2 39. Qd8+ Kh7 40. Rd7+ Kh6 41. Qf8+ Kg5 42. Qf6+ Kh6 43. Rd8 Qg5 44. Rh8# 1-0

[Event "Polish Youth G16 Championship 2023"]
[Site "Jastrzebia Gora"]
[Date "2023.03.12"]
[Round "1.22"]
[White "Pietryk, Joanna"]
[Black "Danek, Wiktoria"]
[Result "1-0"]
[ECO "C70"]
[WhiteElo "1488"]
[BlackElo "1161"]
[Annotator "NA RC COMBH"]
[PlyCount "95"]
[EventDate "2023.03.11"]
[EventType "swiss"]
[EventCountry "POL"]
[SourceTitle "playchess.com"]
[Source "ChessBase"]
[SourceQuality "1"]
[TimeControl "40/5400+30:1800+30"]

1. e4 e5 2. Nf3 Nc6 3. Bb5 a6 4. Ba4 Bc5 5. O-O Nge7 6. c3 b5 7. Bb3 O-O 8. d4 exd4 9. cxd4 Bb6 10. Nc3 h6 11. Bf4 Ng6 12. Bg3 Bb7 13. Nd5 Ba5 14. Qd3 Nce7 15. Nxe7+ Nxe7 16. Rac1 d5 17. e5 Bb6 18. Bc2 g6 19. Bh4 Qd7 20. Qe3 Kh7 21. Bf6 Ng8 22. Ng5+ hxg5 23. Qxg5 Nxf6 24. exf6 Bxd4 25. Qh4+ Kg8 26. Qxd4 Qe6 27. Rfe1 Qd6 28. Re3 Rfe8 29. Rce1 Rxe3 30. Rxe3 Qc6 31. Qc3 Qxc3 32. Rxc3 Re8 33. Kf1 c6 34. b4 Re6 35. Re3 Bc8 36. Rxe6 Bxe6 37. Ke2 Kf8 38. Ke3 Ke8 39. Kd4 Kd8 40. f3 Kd7 41. Ke5 d4 42. a3 Bc4 43. Kxd4 Kd6 44. Be4 Be6 45. h4 Bc4 46. g4 Be2 47. h5 Bc4 48. h6 1-0

[Event "Polish Youth G16 Championship 2023"]
[Site "Jastrzebia Gora"]
[Date "2023.03.13"]
[Round "2.1"]
[White "Lazniewska, Zofia"]
[Black "Smietanska, Wiktoria"]
[Result "1/2-1/2"]
[ECO "B22"]
[WhiteElo "1621"]
[BlackElo "1954"]
[Annotator "TA"]
[PlyCount "89"]
[EventDate "2023.03.11"]
[EventType "swiss"]
[EventCountry "POL"]
[SourceTitle "playchess.com"]
[Source "ChessBase"]
[SourceQuality "1"]
[TimeControl "40/5400+30:1800+30"]

1. e4 c5 2. c3 d5 3. exd5 Qxd5 4. d4 Nc6 5. Nf3 Bg4 6. Be2 cxd4 7. cxd4 e6 8. Be3 Nf6 9. Nc3 Qa5 10. O-O Rd8 {[%emt 0:12:47] B22: Sicilian: 2 c3.} 11. h3 Bh5 12. Qb3 {[%emt 0:06:04] [#] g4 is the strong threat.} Qb4 13. Qxb4 (13. g4 {is more complex.} Bg6 14. Bb5 Bd6 15. Qxb4 Bxb4 16. Ne5) 13... Bxb4 14. Rfd1 O-O 15. Rac1 h6 16. Kf1 Ne7 {[%emt 0:28:01] [#]} 17. Ne5 $146 ({Predecessor:} 17. g4 Bg6 18. Ne5 Bh7 19. Bf3 Ned5 20. Nxd5 Nxd5 21. Bxd5 Rxd5 22. Rc7 Rb8 23. Ke2 {½-½ Nielsen,R (2062)-Rosenkilde,A (2204) Politiken Cup 32nd 2010 (10)}) 17... Bxe2+ 18. Kxe2 Nfd5 19. Nxd5 Nxd5 20. Rc4 Bd6 21. Nd3 Be7 22. Rdc1 Bd6 23. Nc5 b6 (23... b5 $5 24. R4c2 $8 Bc7 $11) 24. Nd3 f6 25. a3 Kf7 26. Ra4 Rd7 27. Rac4 Rfd8 28. R1c2 Ne7 29. a4 Nf5 30. g4 Ne7 31. Nb4 {[%emt 0:01:02] [#]} (31. h4 $11 {remains equal.}) 31... h5 32. Nc6 $11 {[%emt 0:02:06] The position is equal.} Rh8 33. Nxe7 Kxe7 34. g5 Kf7 35. h4 fxg5 36. Bxg5 Be7 37. Rc7 Rhd8 38. f4 Bxg5 39. fxg5 Kg6 {[%emt 0:00:37] And now ...Rxc7 would win.} 40. Rxd7 Rxd7 {[%emt 0:00:00] KR-KR} 41. Ke3 Kf5 42. Rc4 Rf7 43. Kf3 Rb7 44. Rc8 Rf7 {[%emt 0:01:05] Prevents Rf8.} 45. Rc4 {[%emt 0:01:10] Weighted Error Value: White=0.07 (flawless) /Black=0.08 (flawless)} 1/2-1/2

[Event "Polish Youth G16 Championship 2023"]
[Site "Jastrzebia Gora"]
[Date "2023.03.13"]
[Round "2.2"]
[White "Zielinska, Aleksandra"]
[Black "Pawicka, Magdalena"]
[Result "1-0"]
[ECO "A45"]
[WhiteElo "1613"]
[BlackElo "1805"]
[Annotator "NA RC COMBH"]
[PlyCount "153"]
[EventDate "2023.03.11"]
[EventType "swiss"]
[EventCountry "POL"]
[SourceTitle "playchess.com"]
[Source "ChessBase"]
[SourceQuality "1"]
[TimeControl "40/5400+30:1800+30"]

1. d4 Nf6 2. Nc3 d5 3. Bf4 c5 4. e3 a6 5. Be2 e6 6. h3 Bd6 7. Nf3 Nc6 8. O-O O-O 9. Na4 c4 10. b3 b5 11. Bxd6 Qxd6 12. Nc5 Nd7 13. Nxd7 Bxd7 14. c3 a5 15. a4 Na7 16. Ne5 Be8 17. axb5 Nxb5 18. Qc2 cxb3 19. Qxb3 a4 20. Qb2 Rb8 21. Rfb1 f6 22. Nd3 Bd7 23. Qc1 Rfc8 24. Nc5 Qc6 25. Bxb5 Rxb5 26. Rxb5 Qxb5 27. Nxa4 Kf7 28. Nc5 Rc7 29. Rb1 Qc6 30. Qb2 e5 31. Qb6 Qxb6 32. Rxb6 exd4 33. cxd4 Ke7 34. f3 Bf5 35. e4 dxe4 36. fxe4 Bg6 37. Re6+ Kf7 38. Rb6 Re7 39. Rb7 Rxb7 40. Nxb7 Ke7 41. Nc5 Kd6 42. Kf2 Be8 43. Kf3 Bb5 44. g3 Bf1 45. Kg4 Be2+ 46. Kf4 Bf1 47. h4 Bh3 48. g4 Ke7 49. d5 Bf1 50. Ne6 Kf7 51. g5 Bh3 52. Nd4 Bg2 53. gxf6 gxf6 54. Nf5 Ke8 55. Ne3 Bh3 56. Ng4 Ke7 57. d6+ Kxd6 58. Nxf6 h6 59. Ng8 Be6 60. Nxh6 Ke7 61. Ke5 Bb3 62. Ng4 Kf7 63. Kf5 Be6+ 64. Kg5 Bb3 65. h5 Bc2 66. Nf6 Bb1 67. h6 Bc2 68. e5 Bb1 69. Nd5 Bh7 70. Nf6 $2 (70. Nf4 {mates} Be4 71. e6+ Kg8 72. e7 Kf7 73. Ng6 {[%mdl 64] Promotion} Bxg6 74. e8=Q+ {[%mdl 64] Deflection, Promotion} Kxe8 75. Kxg6) 70... Bc2 71. Nh5 Bb1 72. Nf4 Bh7 73. e6+ Ke7 74. Ng6+ Ke8 75. Kf6 Bg8 76. e7 Bh7 77. Kg7 1-0

[Event "Polish Youth G16 Championship 2023"]
[Site "Jastrzebia Gora"]
[Date "2023.03.13"]
[Round "2.3"]
[White "Ziobrowska, Maja"]
[Black "Kulczycka, Zofia"]
[Result "1-0"]
[ECO "C02"]
[WhiteElo "1758"]
[BlackElo "1547"]
[Annotator "NA RC COMBH"]
[PlyCount "75"]
[EventDate "2023.03.11"]
[EventType "swiss"]
[EventCountry "POL"]
[SourceTitle "playchess.com"]
[Source "ChessBase"]
[SourceQuality "1"]
[TimeControl "40/5400+30:1800+30"]

1. e4 e6 2. d4 d5 3. e5 c5 4. c3 Nc6 5. Nf3 Qb6 6. Bd3 Bd7 7. O-O O-O-O 8. dxc5 Bxc5 9. b4 Be7 10. a4 Qc7 11. Qe2 f6 12. Na3 fxe5 13. Bb5 Bd6 14. h3 Nf6 15. Bxc6 bxc6 16. b5 c5 17. b6 axb6 18. a5 Bc6 19. axb6 Qxb6 20. Nxe5 Bxe5 21. Qxe5 Rhe8 22. Bg5 Qc7 23. Qe2 Kd7 24. Nb5 Bxb5 25. Qxb5+ Ke7 26. Ra6 Rb8 27. Qd3 Kf8 28. Qf3 Qf7 29. Bxf6 Qxf6 30. Qe3 c4 31. Rd1 Rb3 32. Rd4 Kg8 33. Ra7 Rd8 34. Ra6 Re8 35. g4 Qf7 36. Rf4 Qc7 37. Rxe6 Rd8 38. Re8+ 1-0

[Event "Polish Youth G16 Championship 2023"]
[Site "Jastrzebia Gora"]
[Date "2023.03.13"]
[Round "2.4"]
[White "Kicinska, Magdalena"]
[Black "Kawa, Anna"]
[Result "0-1"]
[ECO "E67"]
[WhiteElo "1573"]
[BlackElo "1743"]
[Annotator "NA RC COMBH"]
[PlyCount "92"]
[EventDate "2023.03.11"]
[EventType "swiss"]
[EventCountry "POL"]
[SourceTitle "playchess.com"]
[Source "ChessBase"]
[SourceQuality "1"]
[TimeControl "40/5400+30:1800+30"]

1. d4 Nf6 2. Nf3 g6 3. c4 Bg7 4. g3 d6 5. Bg2 O-O 6. O-O Nbd7 7. Nc3 e5 8. d5 Ne8 9. e4 f5 10. b4 a5 11. Ng5 Nb6 12. Qb3 a4 13. Qc2 f4 14. c5 dxc5 15. bxc5 Nxd5 16. Nxh7 Kxh7 17. Nxd5 Be6 18. Rd1 Bxd5 19. Rxd5 Qe7 20. Qd3 Nf6 21. c6 bxc6 22. Ba3 Qe8 23. Rc5 Rf7 24. Rac1 Rd7 25. Qc3 Rad8 26. Qxe5 Rd1+ 27. Rxd1 Rxd1+ 28. Bf1 Qxe5 29. Rxe5 Ng4 30. Re7 Kh6 31. h3 Nh2 32. Kxh2 Rxf1 33. Kg2 Ra1 34. Rxc7 Rxa2 35. Bc1 Bd4 36. Bxf4+ g5 37. Rxc6+ Kh7 38. Rc7+ Kg6 39. Rc6+ Kf7 40. Bxg5 Rxf2+ 41. Kh1 a3 42. Ra6 a2 43. h4 a1=Q+ 44. Rxa1 Bxa1 45. Kg1 Bd4 46. e5 Ke6 0-1

[Event "Polish Youth G16 Championship 2023"]
[Site "Jastrzebia Gora"]
[Date "2023.03.13"]
[Round "2.6"]
[White "Giemza, Julia"]
[Black "Bar, Klaudia"]
[Result "0-1"]
[ECO "B30"]
[WhiteElo "1536"]
[BlackElo "1731"]
[Annotator "NA RC COMBH"]
[PlyCount "94"]
[EventDate "2023.03.11"]
[EventType "swiss"]
[EventCountry "POL"]
[SourceTitle "playchess.com"]
[Source "ChessBase"]
[SourceQuality "1"]
[TimeControl "40/5400+30:1800+30"]

1. e4 c5 2. Nf3 Nc6 3. Bb5 e5 4. Nc3 a6 5. Bxc6 dxc6 6. h3 Bd6 7. d3 Ne7 8. Be3 Ng6 9. Qd2 O-O 10. O-O-O b5 11. Ne2 b4 12. Kb1 a5 13. g3 a4 14. c4 bxc3 15. Qxc3 Qb6 16. Nd2 Be7 17. f4 Rd8 18. Nc4 Qb5 19. f5 Nf8 20. Qxe5 Rd7 21. g4 Rb8 22. Qc3 Ba6 23. Bf4 Rbd8 24. g5 Qb4 25. Ne5 Qxc3 26. Nxc3 Bxd3+ 27. Kc1 Rd6 28. Nxd3 Rxd3 29. Nxa4 Rf3 30. Rxd8 Bxd8 31. Bd2 Nd7 32. h4 c4 33. Kd1 Ne5 34. Ke2 Rd3 35. Rd1 Be7 36. Nb6 Rd4 37. Bf4 Rxe4+ 38. Be3 h6 39. gxh6 Bc5 40. Nxc4 Nxc4 41. Kd3 Rxh4 42. Rg1 Bxe3 43. Rxg7+ Kf8 44. b3 Bxh6 45. Rg2 Ne5+ 46. Ke2 Re4+ 47. Kd1 Ke7 0-1

[Event "Polish Youth G16 Championship 2023"]
[Site "Jastrzebia Gora"]
[Date "2023.03.13"]
[Round "2.7"]
[White "Tokarz, Izabela"]
[Black "Pietryk, Joanna"]
[Result "1-0"]
[ECO "D27"]
[WhiteElo "1725"]
[BlackElo "1488"]
[Annotator "NA RC COMBH"]
[PlyCount "81"]
[EventDate "2023.03.11"]
[EventType "swiss"]
[EventCountry "POL"]
[SourceTitle "playchess.com"]
[Source "ChessBase"]
[SourceQuality "1"]
[TimeControl "40/5400+30:1800+30"]

1. d4 d5 2. c4 dxc4 3. Nf3 Nf6 4. e3 e6 5. Bxc4 c5 6. O-O a6 7. a4 Nc6 8. Nc3 cxd4 9. exd4 Be7 10. Bg5 O-O 11. Qd2 Nb4 12. Rad1 Nbd5 13. Ba2 Nxc3 14. bxc3 Qa5 15. Qc2 Bd7 16. Bb3 Rac8 17. Bd2 Bc6 18. Ne5 Be4 19. Qa2 Qb6 20. Rfe1 Rfd8 21. a5 Qd6 22. Nc4 Qc6 23. Nb6 Rc7 24. Ba4 Qd6 25. Ra1 Bd5 26. Qb1 Ng4 27. g3 e5 28. Nxd5 Qxd5 29. h3 Nxf2 30. Kxf2 exd4 31. Qe4 Qxa5 32. Bf4 Bc5 33. Bxc7 dxc3+ 34. Kg2 Qxc7 35. Rad1 Rd2+ 36. Rxd2 cxd2 37. Rd1 b5 38. Bc2 g6 39. Rxd2 b4 40. Bb3 Bd6 41. Rf2 1-0

[Event "Polish Youth G16 Championship 2023"]
[Site "Jastrzebia Gora"]
[Date "2023.03.13"]
[Round "2.8"]
[White "Romejko, Jagoda"]
[Black "Seemann, Pola"]
[Result "0-1"]
[ECO "D31"]
[WhiteElo "1483"]
[BlackElo "1714"]
[Annotator "NA RC COMBH"]
[PlyCount "110"]
[EventDate "2023.03.11"]
[EventType "swiss"]
[EventCountry "POL"]
[SourceTitle "playchess.com"]
[Source "ChessBase"]
[SourceQuality "1"]
[TimeControl "40/5400+30:1800+30"]

1. d4 d5 2. c4 e6 3. Nc3 Be7 4. Nf3 Nf6 5. cxd5 exd5 6. Bg5 O-O 7. e3 h6 8. Bf4 c6 9. Qc2 Nbd7 10. Bd3 Re8 11. O-O Nh5 12. Be5 Nf8 13. h3 Bd6 14. Rab1 Bxe5 15. Nxe5 c5 16. Rfe1 g6 17. Rbc1 c4 18. Be2 Nf6 19. b3 Bf5 20. Qb2 Qb6 21. Qa3 cxb3 22. Qxb3 Qxb3 23. axb3 N8d7 24. Nxd7 Bxd7 25. Nb5 Bxb5 26. Bxb5 Rec8 27. Rc5 Rxc5 28. dxc5 Rc8 29. Rc1 a6 30. Bd3 Kf8 31. Rc2 a5 32. Kf1 Nd7 33. e4 dxe4 34. Bxe4 Rxc5 35. Rxc5 Nxc5 36. Bd5 Ke7 37. Ke2 f6 38. Ke3 Kd6 39. Kd4 b6 40. Bc4 Ne6+ 41. Ke4 f5+ 42. Ke3 Ke5 43. g3 f4+ 44. Kf3 fxg3 45. Kxg3 Nd4 46. Kg4 b5 47. f4+ Kf6 48. Bd5 h5+ 49. Kg3 Kf5 50. Bf7 Ne2+ 51. Kf3 Nxf4 52. Be8 b4 53. Bd7+ Ne6 54. Kg3 Kf6 55. Kh4 Nc5 0-1

[Event "Polish Youth G16 Championship 2023"]
[Site "Jastrzebia Gora"]
[Date "2023.03.13"]
[Round "2.9"]
[White "Szopa, Emilia"]
[Black "Bandyk, Joanna"]
[Result "1/2-1/2"]
[ECO "B93"]
[WhiteElo "1709"]
[BlackElo "1459"]
[Annotator "NA RC COMBH"]
[PlyCount "111"]
[EventDate "2023.03.11"]
[EventType "swiss"]
[EventCountry "POL"]
[SourceTitle "playchess.com"]
[Source "ChessBase"]
[SourceQuality "1"]
[TimeControl "40/5400+30:1800+30"]

1. e4 c5 2. Nf3 d6 3. d4 cxd4 4. Nxd4 Nf6 5. Nc3 a6 6. f4 e5 7. Nb3 Nbd7 8. g4 h6 9. f5 b5 10. h4 Bb7 11. Bg2 Nc5 12. Qe2 Qc7 13. Nxc5 Qxc5 14. Be3 Qc4 15. Qxc4 bxc4 16. Bf3 Be7 17. O-O-O Nd7 18. g5 hxg5 19. hxg5 O-O-O 20. Be2 Nc5 21. Nd5 Bxd5 22. exd5 Ne4 23. Bxc4 Kb7 24. Rhg1 Rc8 25. Bd3 Rh3 26. Rde1 Rxe3 27. Rxe3 Bxg5 28. Rxg5 Nxg5 29. Rg3 f6 30. Rg4 a5 31. Kd2 Rc5 32. Bc4 Kb6 33. a3 Nh3 34. b4 axb4 35. axb4 Rc7 36. Bf1 Ng5 37. c4 Nf3+ 38. Kd3 Ng5 39. Be2 Ra7 40. Bd1 Ra2 41. Rh4 Ra8 42. Kc3 Ra3+ 43. Bb3 Ra8 44. Rh2 Ne4+ 45. Kb2 Ng5 46. Rc2 Ne4 47. Rc1 Rc8 48. Ba4 Rc7 49. Bc6 Ra7 50. Rh1 Ng3 51. Rh8 Nxf5 52. Rb8+ Kc7 53. Rf8 Kb6 54. Rb8+ Kc7 55. Rf8 Kb6 56. Rb8+ 1/2-1/2

[Event "Polish Youth G16 Championship 2023"]
[Site "Jastrzebia Gora"]
[Date "2023.03.13"]
[Round "2.10"]
[White "Pastuszko, Katarzyna"]
[Black "Salamon, Julia"]
[Result "0-1"]
[ECO "B40"]
[WhiteElo "1286"]
[BlackElo "1701"]
[Annotator "NA RC COMBH"]
[PlyCount "108"]
[EventDate "2023.03.11"]
[EventType "swiss"]
[EventCountry "POL"]
[SourceTitle "playchess.com"]
[Source "ChessBase"]
[SourceQuality "1"]
[TimeControl "40/5400+30:1800+30"]

1. e4 c5 2. Nf3 e6 3. d4 cxd4 4. Nxd4 Nf6 5. Nc3 Nc6 6. Ndb5 d6 7. Bg5 a6 8. Nd4 Be7 9. Be2 h6 10. Bh4 Qb6 11. Nb3 Nxe4 12. Nxe4 Bxh4 13. Nxd6+ Ke7 14. O-O Rd8 15. Nxc8+ Raxc8 16. Bd3 Bf6 17. Kh1 Nb4 18. Qe2 Nxd3 19. cxd3 Qb5 20. Rad1 a5 21. f4 a4 22. Nd2 Qxd3 23. Qg4 Qc2 24. Qe2 Qxb2 25. f5 Rd6 26. fxe6 fxe6 27. Rf2 Rc1 28. Rxc1 Qxc1+ 29. Nf1 Qc5 30. Ng3 Qe5 31. Qc2 Qd4 32. Rf1 Rc6 33. Qb1 Qb2 34. Ne4 Qxb1 35. Rxb1 Bb2 36. h3 a3 37. Kh2 Rc1 38. Rxc1 Bxc1 39. Nc5 b5 40. Kg3 Kd6 41. Nb3 Bb2 42. Kf3 Kd5 43. Ke3 Kc4 44. Kd2 b4 45. Na5+ Kd5 46. Ke3 e5 47. Kd3 e4+ 48. Ke3 Bf6 49. g4 Bd4+ 50. Kd2 Bb6 51. Nb3 Ke5 52. Ke2 Kf4 53. Nd2 e3 54. Nf1 b3 0-1

[Event "Polish Youth G16 Championship 2023"]
[Site "Jastrzebia Gora"]
[Date "2023.03.13"]
[Round "2.11"]
[White "Zapalowska, Wiktoria"]
[Black "Dura, Anna"]
[Result "1-0"]
[ECO "C07"]
[WhiteElo "1639"]
[BlackElo "1186"]
[Annotator "NA RC COMBH"]
[PlyCount "59"]
[EventDate "2023.03.11"]
[EventType "swiss"]
[EventCountry "POL"]
[SourceTitle "playchess.com"]
[Source "ChessBase"]
[SourceQuality "1"]
[TimeControl "40/5400+30:1800+30"]

1. e4 e6 2. d4 d5 3. Nd2 c5 4. Ngf3 Nc6 5. exd5 Qxd5 6. Bc4 Qd8 7. dxc5 Bxc5 8. a3 Nf6 9. O-O O-O 10. b4 Be7 11. Bb2 a6 12. Bd3 b5 13. Qe2 Bb7 14. c4 bxc4 15. Nxc4 Qc7 16. Rac1 Qf4 17. Nb6 Ra7 18. Rc4 Qd6 19. Rd1 Nd5 20. Rg4 g6 21. Nc4 Qd8 22. Nfe5 Bf6 23. Rg3 Nf4 24. Qe3 Nd5 25. Qc1 Nce7 26. Rh3 Bg7 27. Ng4 h5 28. Bxg7 Kxg7 29. Qh6+ Kg8 30. Rxh5 1-0

[Event "Polish Youth G16 Championship 2023"]
[Site "Jastrzebia Gora"]
[Date "2023.03.13"]
[Round "2.12"]
[White "Sprzeczka, Emilia"]
[Black "Siekanska, Maria"]
[Result "0-1"]
[ECO "B22"]
[WhiteElo "1887"]
[BlackElo "1996"]
[Annotator "TA"]
[PlyCount "78"]
[EventDate "2023.03.11"]
[EventType "swiss"]
[EventCountry "POL"]
[SourceTitle "playchess.com"]
[Source "ChessBase"]
[SourceQuality "1"]
[TimeControl "40/5400+30:1800+30"]

1. e4 c5 2. c3 Nf6 3. e5 Nd5 4. Nf3 d6 5. exd6 e6 6. g3 Bxd6 7. Bg2 O-O 8. O-O Nc6 9. d4 Qc7 {[%emt 0:08:04] B22: Sicilian: 2 c3.} 10. Na3 a6 {[%emt 0:14:13] Inhibits Nb5.} 11. Nc4 {[%emt 0:04:15] [#]} Rd8 $146 ({Predecessor:} 11... Be7 12. Ne3 Nf6 13. d5 Rd8 14. c4 exd5 15. cxd5 Nb4 16. Ng5 h6 17. a3 hxg5 18. axb4 cxb4 {0-1 Kamsky,G (2723)-Mamedyarov,S (2742) Moscow Tal Memorial Blitz 2008 (28)}) 12. Nxd6 Qxd6 13. Re1 b5 ({Black should play} 13... h6 $14) 14. Ne5 $2 (14. Ng5 $1 $18 {aiming for Qh5.} Nf6 15. Bf4) 14... Bb7 $11 15. Qh5 Qf8 (15... Nxe5 {simplifies} 16. dxe5 Qf8 17. g4 Rd7) 16. Ng4 (16. Be4 $2 Nf6 17. Qh4 Nxe4 18. Qxe4 cxd4 19. Nxc6 dxc3 $17) 16... Kh8 ({Better is} 16... f5 $14) 17. dxc5 $18 {[%emt 0:07:11] And now Bg5 would win.} f5 (17... Nce7 $16 18. Ne5 Kg8) 18. Ne5 (18. Rxe6 $18 {[%cal Og4h6] Black must now prevent Nh6!} Nc7 19. Ne5 (19. Rxc6 Rd1+ 20. Bf1 fxg4 $11) 19... Nxe5 20. Rxe5 Bxg2 21. Kxg2) 18... Nxe5 $16 19. Rxe5 Qxc5 (19... Nf6 $16 20. Qe2 Bxg2 21. Kxg2 Nd7) 20. Rxe6 Nf6 21. Be3 {[%emt 0:01:57] This pair of bishops is nice.} Qc4 22. Qxf5 Bc8 23. Bxa8 {[%emt 0:00:41][%cal Oa8d5] Hoping for Bd5!} Bxe6 24. Qf3 {[%emt 0:00:28] Bd4 is the strong threat.} Qc8 (24... Nd5 $16 {might work better.}) 25. Bb7 $18 Qd7 26. Bc6 {[%emt 0:01:20] Repels Nd5} (26. Bxa6 Bd5 27. Qe2 Bc4 $11) 26... Qc8 27. Bb6 Rd6 (27... Rd2 $142 28. Bb7 Qd7) 28. Bb7 Qd7 29. Bd4 Bg4 30. Qg2 Bh3 31. Qf3 Bg4 {[%emt 0:00:13] [#]} 32. Qh1 Qf5 33. Re1 h5 34. h4 b4 35. Bxf6 Qxf6 36. Qe4 {[%emt 0:01:01] Threatens to win with Qe8+.} (36. cxb4 Rd4 37. a3 g6 $18) 36... bxc3 37. Qe8+ Kh7 38. Be4+ g6 {[%emt 0:00:50] [#]} 39. Bxg6+ $2 Kh6 $1 {[%emt 0:00:00][%mdl 32768] Weighted Error Value: White=0.45/Black=0.35. Sensor Board Error (Ke4/e5)?} (39... Qxg6 $2 40. Re7+ $18 (40. bxc3 $2 {perishes.} Qxe8 41. Rxe8 Rd1+ 42. Kg2 Ra1 $19) (40. bxc3 $2 {too greedy.} Qxe8 41. Rxe8 Rd1+ 42. Kg2 Ra1 $19)) 0-1

[Event "Polish Youth G16 Championship 2023"]
[Site "Jastrzebia Gora"]
[Date "2023.03.13"]
[Round "2.13"]
[White "Nieckarz, Maja"]
[Black "Biniak, Zuzanna"]
[Result "0-1"]
[ECO "B70"]
[WhiteElo "1493"]
[BlackElo "1457"]
[Annotator "NA RC COMBH"]
[PlyCount "102"]
[EventDate "2023.03.11"]
[EventType "swiss"]
[EventCountry "POL"]
[SourceTitle "playchess.com"]
[Source "ChessBase"]
[SourceQuality "1"]
[TimeControl "40/5400+30:1800+30"]

1. e4 c5 2. Nf3 d6 3. d4 cxd4 4. Nxd4 Nf6 5. Nc3 g6 6. Bc4 Bg7 7. Bb3 Bd7 8. h3 h5 9. Be3 Nc6 10. O-O a6 11. Re1 Na5 12. Qd2 Nxb3 13. cxb3 b5 14. Bg5 O-O 15. Nd5 Nxd5 16. exd5 Re8 17. Re4 Qb6 18. Rae1 Be5 19. Nf3 f6 20. Bh6 Bf5 21. R4e3 Rac8 22. Nxe5 dxe5 23. Rc3 Red8 24. Rec1 Qd6 25. Rc6 Rxc6 26. Rxc6 Qxd5 27. Qxd5+ Rxd5 28. Rxa6 g5 29. h4 gxh4 30. a4 Bc2 31. a5 Bxb3 32. Ra8+ Kf7 33. Rf8+ Ke6 34. a6 Rd1+ 35. Kh2 Ra1 36. Ra8 Bd5 37. Ra7 Ra2 38. Be3 Rxb2 39. Bc5 Ra2 40. Rxe7+ Kf5 41. a7 b4 42. Rd7 Be4 43. Bxb4 Rxf2 44. Rg7 Rf4 45. Rc7 Rg4 46. Rc4 Bd5 47. Rxg4 hxg4 48. Be1 g3+ 49. Kh3 Kg5 50. Bd2+ Kh5 51. Bc3 Be6# 0-1

[Event "Polish Youth G16 Championship 2023"]
[Site "Jastrzebia Gora"]
[Date "2023.03.13"]
[Round "2.14"]
[White "Krzysztynska, Maria"]
[Black "Oborska, Magda"]
[Result "1-0"]
[ECO "C28"]
[WhiteElo "1335"]
[BlackElo "1613"]
[Annotator "NA RC COMBH"]
[PlyCount "45"]
[EventDate "2023.03.11"]
[EventType "swiss"]
[EventCountry "POL"]
[SourceTitle "playchess.com"]
[Source "ChessBase"]
[SourceQuality "1"]
[TimeControl "40/5400+30:1800+30"]

1. e4 e5 2. Nc3 Nc6 3. Bc4 Nf6 4. d3 h6 5. f4 Bb4 6. Nge2 O-O 7. O-O Ng4 8. Qe1 Ba5 9. Qg3 Bb6+ 10. Kh1 d6 11. f5 Nf2+ 12. Rxf2 Bxf2 13. Qxf2 Kh7 14. Bd2 Ne7 15. Rf1 Ng8 16. Qg3 Nf6 17. Nd5 Nxd5 18. Bxd5 c6 19. f6 g6 20. Qh4 h5 21. Qg5 Rh8 22. Qh6+ Kg8 23. Qg7# 1-0

[Event "Polish Youth G16 Championship 2023"]
[Site "Jastrzebia Gora"]
[Date "2023.03.13"]
[Round "2.15"]
[White "Niedorys, Karolina"]
[Black "Kaczmarek, Paulina"]
[Result "0-1"]
[ECO "B34"]
[WhiteElo "1458"]
[BlackElo "1317"]
[Annotator "NA RC COMBH"]
[PlyCount "102"]
[EventDate "2023.03.11"]
[EventType "swiss"]
[EventCountry "POL"]
[SourceTitle "playchess.com"]
[Source "ChessBase"]
[SourceQuality "1"]
[TimeControl "40/5400+30:1800+30"]

1. e4 c5 2. Nf3 Nc6 3. d4 cxd4 4. Nxd4 g6 5. Nc3 Bg7 6. Be3 Nf6 7. f3 O-O 8. Qd2 d5 9. exd5 Nxd5 10. Nxc6 bxc6 11. Bd4 e5 12. Bc5 Re8 13. Ne4 f5 14. Nd6 Bf8 15. Bb5 Bxd6 16. Bxc6 Bxc5 17. Qxd5+ Qxd5 18. Bxd5+ Be6 19. Bxa8 Rxa8 20. c3 Rd8 21. b3 Rd3 22. Rc1 e4 23. fxe4 fxe4 24. h3 a5 25. Ke2 Rg3 26. Rh2 a4 27. bxa4 Bc4+ 28. Kd1 Bg1 29. Rh1 Rxg2 30. Rc2 Rg3 31. Rd2 Bb6 32. a5 Bxa5 33. Rd4 Bd3 34. c4 Rg2 35. Rd5 Rxa2 36. Rxa5 Rxa5 37. Kd2 Bxc4 38. Ke3 Kg7 39. Rc1 Bd3 40. Rc7+ Kh6 41. h4 Rh5 42. Kf2 Rxh4 43. Kg3 g5 44. Rc6+ Kh5 45. Rf6 Rf4 46. Re6 Bc4 47. Rd6 Rf3+ 48. Kh2 Kg4 49. Kg2 e3 50. Rh6 e2 51. Rh1 Rf1 0-1